Map: Opérations galactiques EC

Players

zidar

  • Race: Zerg Zerg
  • League: Platinum
  • Spawn Location: 7:00

Fiendishmora

  • Race: Protoss Protoss
  • League: Gold
  • Spawn Location: 1:00

VOD

Have the link to the VOD?

Description

Time

  • Played on: Nov. 14, 2016, 2:16 p.m.
  • Length: 6:04
Show
View Real Time Build Order
Export as new Build Order

zidar Zerg 

Build Orders: Pool First 

Get SALT Encoding   

  12  0:01  Drone  
  13  0:13  Overlord  
  13  0:17  Drone  
  14  0:31  Drone x2  
  16  0:43  Spawning Pool  
  16  0:45  Drone  
  16  1:10  Hatchery  
  15  1:12  Drone  
  15  1:16  Extractor  
  15  1:18  Drone  
  16  1:31  Queen  
  18  1:51  Drone x3  
  18  1:53  Evolution Chamber  
  20  2:07  Queen  
  22  2:14  Overlord  
  21  2:32  Metabolic Boost  
  21  2:35  Zergling x2  
  21  2:36  Zergling x6  
  25  2:53  Drone x2  
  25  2:54  Baneling Nest  
  25  2:55  Drone  
  27  3:18  Drone x6  
  33  3:23  Overlord  
  33  3:32  Overlord  
  33  3:42  Zergling x2  
  33  3:43  Zergling x6  
  37  3:54  Lair  
  37  3:58  Extractor  
  37  4:01  Extractor  
  35  4:04  Extractor  
  35  4:06  Zerg Melee Weapons Level 1  
  35  4:09  Drone x4  
  38  4:31  Drone x8  
  44  4:58  Zergling x2  
  44  4:59  Zergling x8  
  45  5:15  Zergling x10  
  48  5:40  Hatchery  
  48  5:42  Zergling x2  
  48  5:43  Zergling x6  
  51  5:54  Hydralisk Den  
Show
View Real Time Build Order
Export as new Build Order

Fiendishmora Protoss 

Build Orders:  

Get SALT Encoding   

  12  0:01  Probe (Chrono Boost)  
  13  0:12  Probe (Chrono Boost)  
  14  0:19  Pylon  
  14  0:26  Probe (Chrono Boost)  
  15  0:37  Probe (Chrono Boost)  
  15  0:42  Gateway  
  16  0:47  Assimilator  
  16  0:48  Probe (Chrono Boost)  
  17  0:56  Pylon  
  17  1:01  Assimilator  
  17  1:04  Probe (Chrono Boost)  
  18  1:15  Probe (Chrono Boost)  
  19  1:26  Probe (Chrono Boost)  
  19  1:30  Cybernetics Core  
  20  1:36  Probe (Chrono Boost)  
  21  1:57  Nexus  
  21  2:01  Pylon  
  21  2:07  Warp Gate (Chrono Boost)  
  21  2:10  Mothership Core  
  23  2:21  Adept  
  25  2:30  Gateway  
  25  2:46  Gateway  
  25  2:48  Probe  
  26  2:59  Adept  
  26  3:01  Probe  
  29  3:07  Pylon  
  29  3:16  Robotics Facility  
  29  3:19  Probe  
  30  3:20  Probe  
  31  3:33  Probe  
  31  3:34  Probe  
  33  4:00  Adept  
  33  4:02  Adept  
  37  4:05  Warp Prism (Chrono Boost)  
  37  4:06  Probe  
  37  4:08  Probe  
  41  4:17  Probe, Pylon  
  41  4:20  Probe  
  43  4:25  Twilight Council  
  43  4:28  Forge  
  43  4:32  Probe  
  43  4:33  Probe  
  45  4:43  Probe  
  45  4:44  Probe  
  36  5:11  Probe  
  32  5:23  Probe  
  32  5:28  Probe  
  33  5:35  Probe  
  35  5:38  Probe  
  36  5:47  Probe  
  36  5:49  Probe  
Tags
 
Add a new tag
Caveats
  • Supply blocks, unpowered buildings, or Contaminate may cause inaccurate times.
  • Supply counts are checked every 10 seconds.